 Dungeon Crawl Stone Soup version 0.15-a0-183-gc0cdb55 (webtiles) character file.

149 PolkaDot the Vexing (level 3, -5/24 HPs)
             Began as a Vampire Enchanter on Apr 20, 2014.
             Killed from afar by Sigmund (8 damage)
             ... with a puff of flame
             ... on Level 2 of the Dungeon.
             The game lasted 00:05:44 (1217 turns).

PolkaDot the Vexing (Vampire Enchanter)             Turns: 1217, Time: 00:05:44

HP  -5/24        AC  3     Str  7      XL: 3   Next: 39%
MP   2/6         EV 12     Int 22      God:
Gold 105         SH  0     Dex 15      Spells:  2 memorised,  3 levels left

rFire  . . .     SeeInvis +     a - +1 dagger
rCold  . . .     Clarity  .     b - +1 robe
rNeg   . . .     Conserve .     (no shield)
rPois  .         rCorr    .     (no helmet)
rElec  .         rRot     .     (no cloak)
SustAb . .       Spirit   .     (no gloves)
rMut   .         Warding  .     (no boots)
Saprov . . .     Stasis   .     (no amulet)
MR     .....                    (no ring)
                                (no ring)

@: regenerating quickly, brilliant, very slightly contaminated, hasted, very
quick, not resistant to hostile enchantments, stealthy
A: fangs 3, see invisible, unbreathing
a: no special abilities


You were on level 2 of the Dungeon.
You were full.

You visited 1 branch of the dungeon, and saw 2 of its levels.

You collected 105 gold pieces.

Inventory:

Hand weapons
 a - a +1,+1 dagger (weapon)
Missiles
 d - 11 darts (quivered)
Armour
 b - a +1 robe (worn)
Scrolls
 f - 3 scrolls of random uselessness {unknown}
 g - a scroll of immolation {unknown}
 h - 2 scrolls of identify {unknown}
 m - a scroll of remove curse {unknown}
Potions
 i - a potion of haste
Books
 c - a book of Maledictions

   Spells                             Type                      Level
   *Corona                            Hexes                        1
   Sure Blade                         Hexes/Charms                 2
   *Ensorcelled Hibernation           Hexes/Ice                    2
   Confuse                            Hexes                        3
   Dazzling Spray                     Conjuration/Hexes            3
   Enslavement                        Hexes                        4


   Skills:
 + Level 2.0 Short Blades
 - Level 0.7 Throwing
 - Level 2.1 Dodging
 + Level 3.8 Stealth
 - Level 2.0 Spellcasting
 * Level 5.6 Hexes


You had 3 spell levels left.
You knew the following spells:

 Your Spells              Type           Power        Failure   Level  Hunger
a - Corona                Hex            #####..      1%          1    #......
d - Ensorcelled Hibernat  Hex/Ice        ####..       1%          2    ##.....


Dungeon Overview and Level Annotations

Branches:
Dungeon (2/15)

Altars:

Annotations:
D:2 Jessica, Sigmund


Innate Abilities, Weirdness & Mutations

Your natural rate of healing is unusually fast.
You have razor-sharp teeth.*
You have supernaturally acute eyesight.
You can survive without breathing.*


Message History

Casting: Ensorcelled Hibernation
Confirm with . or Enter, or press ? or * to list all spells.
Aiming: Ensorcelled Hibernation
Press: ? - help, Shift-Dir - straight line, f/p - Sigmund
Aim: Sigmund, wielding a scythe and wearing a robe (heavily wounded) Sigmund is unaffected.
Sigmund closely misses you.
You hit Sigmund.
Sigmund is severely wounded.
Casting: Ensorcelled Hibernation
Confirm with . or Enter, or press ? or * to list all spells.
Aiming: Ensorcelled Hibernation
Press: ? - help, Shift-Dir - straight line, f/p - Sigmund
Aim: Sigmund, wielding a scythe and wearing a robe (severely wounded) Sigmund is unaffected.
* * * LOW MAGIC WARNING * * *
You hit Sigmund. You bite Sigmund.
Sigmund is almost dead.
Sigmund gestures at you while chanting. The puff of flame hits you!
You die...

######### #....@@g#
#.#####.# ### #.# ... .
#.#######.### g..# ..
#...........# ...#
...#.#######.#.##.#g..
..................?..@.#.
##.#.#####.#.#..>......#.
#.#....................


You could see Sigmund and a hobgoblin.

Vanquished Creatures
  An adder (D:2)
  An inept feature mimic (D:2)
  A worm (D:2)
  A giant gecko (D:2)
  A giant cockroach (D:1)
  A goblin (D:1)
  6 hobgoblins
  2 bats (D:1)
  3 giant newts
  4 kobolds (D:1)
21 creatures vanquished.

Notes
Turn   | Place    | Note
--------------------------------------------------------------
     0 | D:1      | PolkaDot, the Vampire Enchanter, began the quest for the Orb.
     0 | D:1      | Reached XP level 1. HP: 13/13 MP: 3/3
   196 | D:1      | Reached XP level 2. HP: 16/19 MP: 4/4
   252 | D:1      | Learned a level 2 spell: Ensorcelled Hibernation
   360 | D:1      | Reached skill level 5 in Hexes
   763 | D:2      | Noticed Jessica
   927 | D:2      | Reached XP level 3. HP: 3/24 MP: 6/6
  1202 | D:2      | Noticed Sigmund
  1217 | D:2      | Killed from afar by Sigmund

Action                   || total
-------------------------++-------
Melee: Dagger            ||    91
Throw: Dart              ||     2
 Cast: Corona            ||     5
       Ensorcelled Hiber ||    11
  Use: Potion            ||     6
 Stab: Sleeping          ||     8
